 Dungeon Crawl Stone Soup version 0.30-a0-923-g828ccac5a3 (webtiles) character file.

Game seed: 14643930961295199915

12 Welwordion the Changer (level 2, -2/14 HPs)
             Began as a Spriggan Transmuter on Mar 21, 2023.
             Splashed by a jelly's acid (7 damage)
             ... on level 1 of the Dungeon on Mar 22, 2023.
             The game lasted 00:10:41 (244 turns).

Welwordion the Changer (Spriggan Transmuter)         Turns: 244, Time: 00:10:42

Health: -2/14      AC: -2    Str:  6    XL:     2   Next: 20%
Magic:  6/6        EV: 17    Int: 14    God:
Gold:   38         SH:  0    Dex: 15    Spells: 5/6 levels left

rFire   . . .      SeeInvis +      - Unarmed
rCold   . . .      Faith    .    (no shield)
rNeg    . . .      Spirit   .    a - +0 robe
rPois   .          Reflect  .    (helmet restricted)
rElec   .          Rampage  .    (no cloak)
rCorr   .                        (gloves unavailable)
Will    .....                    (boots unavailable)
Stlth   +                        (no amulet)
HPRegen 0.22/turn                (no ring)
MPRegen 0.10/turn                (no ring)

@: corroded, very quick
A: very small, no large weapons, unfitting armour, see invisible, speed 3
a: no special abilities


You were on level 1 of the Dungeon.
You visited 1 branch of the dungeon, and saw 1 of its levels.

You collected 38 gold pieces.

Inventory:

Hand Weapons
 d - a +0 dagger
Missiles
 c - 12 stones
Armour
 a - a +0 robe (worn)
 f - a +0 pair of gloves
Potions
 b - a potion of lignification
 e - a potion of berserk rage {unknown}


   Skills:
 - Level 0.7 Fighting
 + Level 2.9 Dodging
 - Level 2.4 Unarmed Combat
 + Level 2.7 Spellcasting
 + Level 3.7 Transmutations


You had 5 spell levels left.
You knew the following spells:

 Your Spells              Type           Power      Damage    Failure   Level
a - Beastly Appendage     Tmut           24%        N/A       4%          1

Your spell library contained the following spells:

 Spells                   Type           Power      Damage    Failure   Level
 Wereblood                Tmut           12%        N/A       8%          2
 Spider Form              Tmut/Pois      7%         N/A       30%         3
 Ice Form                 Ice/Tmut       7%         N/A       71%         4


Dungeon Overview and Level Annotations

Branches:
Dungeon (1/15)

Altars:
Jiyva


Innate Abilities, Weirdness & Mutations

You are very small and have problems with some larger weapons.
You are too small for most types of armour.
You have supernaturally acute eyesight. (SInv)
You cover ground extremely quickly. (Speed+++)


Message History

You barely miss the bat. The bat closely misses you. The bat barely misses you.
You closely miss the bat. The bat completely misses you.
You hit the bat.
You kill the bat!
You hit the ball python but do no damage.
The ball python bites you but does no damage.
The ball python completely misses you.
You closely miss the ball python. The ball python closely misses you.
The ball python misses you.
You hit the ball python.
The ball python is severely wounded.
The ball python bites you. The ball python grabs you.
The ball python constricts you.
You hit the ball python.
You kill the ball python!
No target in view!
The endoplasm quivers.
You see here a bat corpse.
The jelly quivers.
You hit the endoplasm.
The endoplasm is heavily wounded.
The endoplasm freezes you.
You are frozen.
You hit the endoplasm.
The endoplasm is almost dead.
The endoplasm closely misses you.
You hit the endoplasm.
You kill the endoplasm!
You hit the jelly.
Your hands burn!
The jelly is moderately wounded.
The jelly misses you.
You are too injured to fight recklessly!
The jelly closely misses you. The jelly closely misses you.
You hit the jelly.
Your hands burn!
The jelly is moderately wounded.
The jelly hits you. The acid corrodes you!
You are splashed with acid!
Ouch! That really hurt!
You die...

♣..♣...♣..♣.♣.♣♣♣..♣♣
.♣♣......♣♣.♣♣..♣♣♣.♣
.....♣♣..♣.♣♣.♣...♣.♣
♣..♣..♣...♣.♣♣♣♣♣♣.♣♣
.J..♣...♣..♣...♣.♣♣♣♣
..♣.rJ...♣♣.♣♣♣r....♣
.♣♣♣....♣...♣.♣.♣♣..♣
....♣....♣♣.♣.r♣♣J.♣♣
.......♣...♣♣.♣J@♣..♣
♣♣♣♣♣♣♣♣♣♣♣♣♣♣♣♣♣♣♣♣♣


You could see 2 jellies and a rat.

Vanquished Creatures
  2 ball pythons (D:1)
  3 endoplasms (D:1)
  A giant cockroach (D:1)
  2 hobgoblins (D:1)
  A bat (D:1)
  A frilled lizard (D:1)
  A rat (D:1)
11 creatures vanquished.

Notes
Turn   | Place    | Note
-------+----------+-------------------------------------------
     0 | D:1      | Welwordion the Spriggan Transmuter began the quest for the
                  | Orb.
     0 | D:1      | Reached XP level 1. HP: 9/9 MP: 5/5
     7 | D:1      | Upgraded the game from 0.30-a0-919-g9323dee000 to
                  | 0.30-a0-923-g828ccac5a3
    61 | D:1      | Reached skill level 3 in Transmutations
   124 | D:1      | Found a large runed translucent door.
   124 | D:1      | Found a large runed translucent door.
   124 | D:1      | Noticed a jelly
   125 | D:1      | Noticed a jelly
   147 | D:1      | Reached XP level 2. HP: 5/14 MP: 4/6
   158 | D:1      | Found a viscous altar of Jiyva.
   244 | D:1      | Splashed by a jelly's acid

Illustrated notes

Levels and vault maps discovered:
D:1:      erik_arrival_cave_to_civilisation [erik_arrival_cave_to_temple],
          layout_basic

Skill      XL: |  1 |
---------------+----+-----
Transmutations | 3 |  3.7
Fighting       | |  0.7
Dodging        | |  2.9
Unarmed Combat | |  2.4
Spellcasting   | |  2.7

Action                     || total
---------------------------++-------
  Melee: Unarmed           ||    42
         Kick              ||     4
         Headbutt          ||     2
   Cast: Beastly Appendage ||     3
 Armour: Robe              ||     2
  Dodge: Dodged            ||    37

Table legend: (Time is in decaauts)
 A = Elapsed time spent in this place.
 B = Non-inter-level travel time spent in this place.
 C = Inter-level travel time spent in this place.
 D = Time resting spent in this place.
 E = Time spent auto-exploring this place.
 F = Levels seen in this place.
 G = Mean time per level.
                   A        B        C        D        E       F      G
               +--------+--------+--------+--------+--------+-----+--------+
         Total |    169 |    168 |      1 |      0 |      8 |   1 |  169.0 |
       Dungeon |    169 |    168 |      1 |      0 |      8 |   1 |  169.0 |
               +--------+--------+--------+--------+--------+-----+--------+

Top non-repeatable levels by time:
     D:1: 169 daAuts
